 Dungeon Crawl Stone Soup version 0.20.1-1-g8b1a95d (webtiles) character file.

52000 namelastname112 the Alchemist (level 14, -24/99 HPs)
             Began as a Felid Chaos Knight on July 20, 2017.
             Killed from afar by Roxanne (36 damage)
             ... with an orb of energy
             ... on level 15 of the Dungeon.
             The game lasted 01:06:21 (38302 turns).

namelastname112 the Alchemist (Felid Chaos Knight) Turns: 38302, Time: 01:06:22

Health: -24/99     AC: 16    Str: 18    XL:     14   Next: 25%
Magic:  24/30      EV: 14    Int: 21    God:    Xom [*.....]
Gold:   1523       SH:  5    Dex: 18    Spells: 20/36 levels left
                                        Lives:  0   Deaths: 4

rFire    + + .     SeeInvis +     - Unarmed
rCold    x . .     Gourm    .   (shield unavailable)
rNeg     . . .     Faith    .   (armour unavailable)
rPois    +         Spirit   .   (helmet unavailable)
rElec    .         Reflect  +   (cloak unavailable)
rCorr    .         Harm     .   (gloves unavailable)
MR       ++...     Rnd*Rage +   (boots unavailable) Stlth +++++.....Rnd*Tele +
                                s - +5 amulet of reflection
Regen    0.3/turn               A - ring of wizardry
MPRegen  0.3/turn               g - +5 ring of intelligence

@: dragon-form, flying
A: no armour, no weapons or thrown items, stealth, see invisible, berserk 1,
carnivore 3, dopey 1, mutation resistance 1, slow metabolism 1, teleportitis 1,
no potion heal 1
a: End Transformation, Renounce Religion, Breathe Fire


You were on level 15 of the Dungeon.
You worshipped Xom.
You were a special plaything of Xom.
You were completely stuffed.
You were a fearsome dragon!
You visited 3 branches of the dungeon, and saw 23 of its levels.

You collected 3163 gold pieces.
You spent 1640 gold pieces at shops.

Inventory:

Jewellery
 g - a +5 ring of intelligence (right foreclaw)
 s - a +5 amulet of reflection (around neck)
 A - a ring of wizardry (left foreclaw)
 G - an uncursed ring of protection from cold
Wands
 f - a wand of acid (9/15)
 k - a wand of digging (2/24)
 m - a wand of flame (33/48)
 p - a wand of confusion (25/48)
 u - a wand of acid (2/15)
 y - a wand of flame (18/48)
 C - a wand of iceblast (4/15)
 D - a wand of confusion (24/48)
 H - a wand of scattershot (2/9)
 O - a wand of confusion (36/48)
 R - a wand of paralysis (18/24)
 W - a wand of flame (18/48)
Scrolls
 c - 9 scrolls of identify
 d - 9 scrolls of remove curse
 e - 4 scrolls of teleportation
 j - a scroll of amnesia
 l - 4 scrolls of recharging
 n - 5 scrolls of magic mapping
 o - a scroll of blinking
 E - a scroll of silence
 J - 2 scrolls of acquirement
 P - a scroll of summoning
Potions
 b - 7 potions of flight
 h - 8 potions of haste
 r - 4 potions of agility
 v - 2 potions of resistance
 w - 2 potions of might
 z - a potion of curing
 I - 2 potions of invisibility
 K - a potion of ambrosia
 L - 2 potions of brilliance
Miscellaneous
 B - a lightning rod (2/4)
 N - a phial of floods
 S - a box of beasts
Comestibles
 a - 11 meat rations
 i - 13 royal jellies


   Skills:
 + Level 10.2 Fighting
 + Level 12.8 Dodging
 + Level 12.9 Stealth
 + Level 13.0 Unarmed Combat
 + Level 11.7 Spellcasting
 - Level 3.2 Summonings
 + Level 15.9 Transmutations
 + Level 2.6 Earth Magic
 - Level 3.1 Evocations


You had 20 spell levels left.
You knew the following spells:

 Your Spells              Type           Power        Failure   Level  Hunger
a - Call Imp              Summ           ####....     1%          2    None
b - Summon Butterflies    Summ           ####....     1%          1    None
c - Dragon Form           Tmut           ######....   2%          7    #######
d - Statue Form           Tmut/Erth      ######...    8%          6    ######.


Dungeon Overview and Level Annotations

Branches:
Dungeon (15/15)            Temple (0/1) D:5            Lair (6/6) D:11
  Swamp (0/4) Lair:4       Spider (0/4) Lair:4        Slime (0/5) Lair:5
    Orc (2/2) D:9             Elf (0/3) Orc:2        Vaults (0/5) D:13
 Depths: D:15

Altars:
Ashenzari
Dithmenos
Elyvilon
Gozag
Kikubaaqudgha
Makhleb
Qazlal
Ru
Uskayaw
Vehumet
Xom
Yredelemnul
Beogh

Shops:
D:5 (   D:7 *   D:10 :   D:11 *   D:12 *(%   D:14 *   Orc:2 *[*}!

Annotations:
D:4 exclusion: statue
D:8 Gastronok
D:15 exclusion: Roxanne, Roxanne


Innate Abilities, Weirdness & Mutations

You cannot wear armour.
You are incapable of wielding weapons or throwing items.
Your paws allow you to move quietly. (Stealth)
((You have sharp claws.))
((You have razor-sharp teeth.))
You have supernaturally acute eyesight. (SInv)
You are carnivorous and can eat meat at any time.
((You cover ground quickly.))
((Your thick and shaggy fur keeps you warm. (AC +3, rC+)))
You have a slow metabolism.
((Your sharp claws are effective at attacking unaware monsters.))
You tend to lose your temper in combat.
You are dopey. (Int -2)
You are somewhat resistant to further mutation.
You are occasionally teleported next to monsters.
Potions are less effective at restoring your health.


Message History

You blink.
You bite Roxanne!!
Roxanne is moderately damaged.
Roxanne casts a spell.
The bolt of magma hits you! You partially resist.
You maul Roxanne!!!
Roxanne is severely damaged.
Roxanne mumbles some strange words.
The crystal spear hits you!
* * * LOW HITPOINT WARNING * * *
You are too injured to fight recklessly!
You are too injured to fight recklessly!
You hit Roxanne but do no damage.
Roxanne is severely damaged.
You hit Roxanne.
Roxanne is severely damaged.
Roxanne casts a spell.
The orb of energy hits you!
You die...
Xom cackles wildly!

###########
#..........
#######.8........
.......D.........
..######.........
#.<.......
######.... ... ..
.


You could see Roxanne.

Vanquished Creatures
  Agnes (D:14)
  Kirke (Lair:5)
  The ghost of Megalobster the Devastator, an adept DECj of Vehumet (Orc:2)
  A stone giant (D:9)
  A dire elephant (Lair:6)
  Josephine (Orc:1)
  Erolcha (Orc:2)
  11 hydras
  2 vault guards (D:13)
  A catoblepas (Lair:6)
  20 two-headed ogres
  16 death yaks
  4 ogre magi
  A centaur warrior (D:14)
  A tengu warrior (D:14)
  A deep troll shaman (Lair:6)
  Sonja (Lair:1)
  4 unseen horrors
  A glowing orange brain (D:14)
  An orc knight (Orc:2)
  2 necromancers
  2 wizards (D:13)
  A deep elf mage (D:14)
  3 cyclopes
  A manticore (D:14)
  4 ugly things
  A cyclops (shapeshifter) (D:14)
  9 elephants (Lair:6)
  A salamander (D:9)
  6 black mambas
  A gargoyle (D:14)
  3 centaur skeletons (D:10)
  9 spiny frogs
  A yaktaur (shapeshifter) (Lair:5)
  A kobold demonologist (D:11)
  4 komodo dragons
  A yaktaur (D:13)
  3 trolls
  A hornet (D:12)
  2 polar bears
  Grinder (D:6)
  Prince Ribbit (D:6)
  8 blink frogs
  8 hippogriffs
  5 slime creatures
  A meliai zombie (D:12)
  A redback (Lair:4)
  A vampire (D:14)
  44 yaks
  A basilisk (Lair:6)
  A shadow (D:14)
  7 wraiths
  The ghost of namelastname112 the Scratcher, an amateur FeCK of Xom (D:4)
  18 humans
  5 hogs
  Eustachio (D:4)
  3 wyverns
  A steam dragon (D:9)
  6 hungry ghosts
  3 vampire mosquitoes (Lair:4)
  A soldier ant (D:11)
  4 insubstantial wisps (Lair:4)
  4 wargs
  An acid dragon (D:8)
  6 swamp worms (Lair:4)
  13 water moccasins
  Duvessa (D:4)
  4 sky beasts
  9 porcupines
  An ice beast (D:9)
  2 elephant zombies (Lair:5)
  2 necrophages
  13 orc warriors
  4 phantoms
  3 black bears
  32 wolves
  36 ogres
  13 crocodiles
  5 centaurs
  A big kobold (D:6)
  20 bullfrogs
  Dowan (D:4)
  2 wyvern skeletons
  2 scorpions
  A scorpion (shapeshifter) (D:11)
  16 killer bees
  6 wights
  2 howler monkeys (D:13)
  3 electric eels
  8 crimson imps
  3 centaur zombies
  A bullfrog zombie (D:8)
  7 hounds
  15 orc priests
  6 jellies
  Crazy Yiuf (D:6)
  2 bullfrog skeletons
  22 orc wizards
  3 iron imps (D:8)
  A hell rat (D:11)
  4 iguanas
  8 worker ants
  Natasha (thrice) (D:4)
  A crocodile zombie (Lair:5)
  Robin (D:2)
  13 adders
  6 gnolls
  A river rat (D:11)
  2 shadow imps
  An ooze (D:4)
  4 dart slugs
  7 leopard geckos
  51 orcs
  5 bats
  9 giant cockroaches
  12 goblins
  8 hobgoblins
  17 jackals
  9 quokkas
  3 ball pythons
  A ball python skeleton (D:5)
  5 frilled lizards
  11 kobolds
  A leopard gecko zombie (D:5)
  A quokka skeleton (D:6)
  A quokka zombie (D:5)
  9 rats
  A plant (Lair:6)
716 creatures vanquished.

Vanquished Creatures (collateral kills)
  An ogre mage (Orc:2)
  2 two-headed ogres
  An ugly thing (D:11)
  Psyche (D:8)
  A hippogriff (D:9)
  A shadow (D:14)
  An orc warrior (D:11)
  A necrophage (D:9)
  2 ogres
  A centaur skeleton (D:5)
  2 orc wizards (D:8)
  6 orcs
  A jackal (D:6)
21 creatures vanquished.

Vanquished Creatures (others)
  A death yak (Lair:6)
  2 humans (Lair:5)
  A porcupine (Lair:5)
  A bullfrog (Lair:5)
  A ball lightning (D:4)
  A bush (Lair:6)
  19 fungi
  9 plants
35 creatures vanquished.

Grand Total: 772 creatures vanquished

Notes
Turn   | Place    | Note
-------+----------+-------------------------------------------
     0 | D:1      | namelastname112 the Felid Chaos Knight began the quest for the Orb.
     0 | D:1      | Reached XP level 1. HP: 10/10 MP: 2/2
    45 | D:1      | XOM: butterfly on damage
   134 | D:1      | XOM: divination: detect creatures
   145 | D:1      | Reached XP level 2. HP: 11/14 MP: 3/3
   298 | D:1      | XOM: scenery: create altars
   366 | D:1      | Reached skill level 1 in Stealth
   413 | D:1      | XOM: scenery: create altars
   442 | D:1      | XOM: scenery: create altars
  1140 | D:2      | Noticed Robin
  1174 | D:2      | Reached XP level 3. HP: 14/17 MP: 4/4
  1184 | D:2      | XOM is BORED!
  1184 | D:2      | XOM: medium Tmut miscast
  1202 | D:2      | XOM: give mutations
  1202 | D:2      | Gained mutation: You have an increased reservoir of magic. (+10% MP) [Xom's grace]
  1202 | D:2      | Gained mutation: You can translocate small distances at will. [Xom's grace]
  1202 | D:2      | Gained mutation: You are partially covered in large bone plates. (SH +4) [Xom's grace]
  1496 | D:2      | XOM is BORED!
  1496 | D:2      | XOM: 3-stop teleportation journey
  1498 | D:2      | XOM: cloud trail
  1533 | D:2      | XOM: god gift: 18 gold pieces
  1563 | D:2      | XOM: 4-stop teleportation journey
  1575 | D:2      | XOM: scenery: 1 doors close
  1603 | D:2      | XOM: scenery: 1 doors open
  1979 | D:2      | XOM: god gift: scroll labeled GUENLA JOEMYJ {god gift}
  2161 | D:2      | XOM: torment (10/17 hp)
  2169 | D:2      | Found a white marble altar of Elyvilon.
  2180 | D:2      | XOM: mild Summ miscast
  2181 | D:2      | Noticed a spatial vortex
  2213 | D:2      | Reached XP level 4. HP: 9/21 MP: 5/5
  2593 | D:2      | Killed Robin
  3200 | D:2      | XOM: mild Conj miscast
  3281 | D:3      | XOM: noise
  3292 | D:3      | Found a shimmering altar of Xom.
  3292 | D:3      | Found a shimmering altar of Xom.
  3293 | D:3      | Found a shimmering altar of Xom.
  3293 | D:3      | Found a shimmering altar of Xom.
  3320 | D:3      | XOM: butterfly on damage
  3770 | D:3      | XOM: stat loss: -1 Str (7/8)
  4061 | D:4      | XOM: blink monster(s)
  4064 | D:4      | Reached XP level 5. HP: 24/24 MP: 6/6
  4068 | D:4      | XOM: enchant monster (bad)
  4073 | D:4      | XOM: butterfly on damage
  4197 | D:4      | Noticed Natasha
  4197 | D:4      | XOM: severe Air miscast
  4199 | D:4      | Killed Natasha
  4202 | D:4      | XOM: butterfly on damage
  4242 | D:4      | XOM: summons 2 hostile demons
  4355 | D:4      | Noticed Natasha
  4469 | D:4      | Killed Natasha
  4615 | D:4      | XOM: stat loss: -1 Int (13/14)
  4642 | D:4      | Noticed an orc warrior
  4657 | D:4      | XOM: confuse monster(s)
  4669 | D:4      | HP: 1/25 [orc wizard/magic dart (6)]
  4673 | D:5      | Entered Level 5 of the Dungeon
  4926 | D:6      | Found a basalt altar of Yredelemnul.
  4926 | D:6      | XOM: 4-stop teleportation journey
  4980 | D:6      | Gained mutation: You are covered in thick fur. (AC +2) [Felid growth]
  4980 | D:6      | Reached XP level 6. HP: 28/28 MP: 7/7
  5005 | D:5      | Reached skill level 5 in Unarmed Combat
  5010 | D:5      | XOM: smoke on damage
  5034 | D:5      | HP: 1/28 [poisoned by a worker ant]
  5061 | D:5      | XOM: divination: detect items
  5614 | D:5      | XOM: confuse monster(s)
  5624 | D:5      | XOM: cast spell 'Death Channel'
  5625 | D:5      | Reached skill level 5 in Dodging
  5669 | D:5      | XOM: 1-stop teleportation journey
  5720 | D:5      | XOM: god gift: 30 gold pieces
  5991 | D:5      | Found a staircase to the Ecumenical Temple.
  6051 | D:5      | Found Vepumev's Weapon Shop.
  6123 | D:5      | XOM: fog
  6137 | D:5      | Reached XP level 7. HP: 33/33 MP: 8/8
  6163 | D:5      | Found an opulent altar of Gozag.
  6225 | D:4      | Noticed Natasha
  6229 | D:4      | Killed Natasha
  6301 | D:4      | Noticed Eustachio
  6323 | D:4      | Killed Eustachio
  6323 | D:4      | Reached skill level 5 in Stealth
  6357 | D:4      | Noticed namelastname112's ghost (amateur FeCK)
  6364 | D:4      | Lost mutation: You can translocate small distances at will. [potion of mutation]
  6364 | D:4      | Lost mutation: You have an increased reservoir of magic. (+10% MP) [potion of mutation]
  6364 | D:4      | Lost mutation: You are partially covered in large bone plates. (SH +4) [potion of mutation]
  6364 | D:4      | Gained mutation: You are dopey. (Int -2) [potion of mutation]
  6364 | D:4      | Gained mutation: You expend magic power (3 MP) to strengthen your wands. [potion of mutation]
  6364 | D:4      | Gained mutation: Your muscles are strong. (Str +2) [potion of mutation]
  6399 | D:4      | Found a radiant altar of Vehumet.
  6517 | D:4      | XOM: summons friendly white imp
  6526 | D:4      | XOM: fog
  6563 | D:4      | XOM: noise
  6570 | D:4      | XOM: silly message
  6573 | D:4      | Killed namelastname112's ghost
  6774 | D:4      | Noticed Duvessa
  6774 | D:4      | Noticed Dowan
  6778 | D:4      | Killed Dowan
  6801 | D:4      | Killed Duvessa
  6801 | D:4      | Reached skill level 5 in Fighting
  6801 | D:4      | Reached XP level 8. HP: 37/37 MP: 7/9
  6923 | D:4      | Found a shattered altar of Ashenzari.
  6924 | D:4      | Found a hide-covered altar of Uskayaw.
  6925 | D:4      | Found a shadowy altar of Dithmenos.
  6981 | D:4      | XOM: silly message
  7077 | D:4      | XOM: divination: detect creatures
  7241 | D:4      | XOM: harmless Necr miscast
  7828 | D:6      | Found an opulent altar of Gozag.
  7860 | D:6      | XOM: divination: detect items
  7870 | D:6      | Found a basalt altar of Yredelemnul.
  7977 | D:6      | Noticed Prince Ribbit
  7982 | D:6      | XOM: medium Conj miscast
  8270 | D:6      | XOM: divination: detect items
  8273 | D:6      | XOM: divination: magic mapping
  8292 | D:6      | Mangled by Prince Ribbit
  8293 | D:6      | Reached XP level 7. HP: -8/33 MP: 8/8
  8336 | D:6      | Noticed Grinder
  8462 | D:6      | XOM: cast spell 'Summon Butterflies'
  8466 | D:6      | XOM: smoke on damage
  8482 | D:6      | XOM: divination: detect creatures
  8490 | D:6      | XOM: cast spell 'Call Canine Familiar'
  8529 | D:6      | XOM: harmless Pois miscast
  8558 | D:6      | XOM: confuse monster(s)
  8564 | D:6      | Reached skill level 1 in Evocations
  8570 | D:6      | XOM: cast spell 'Leda's Liquefaction'
  8583 | D:6      | Killed Prince Ribbit
  8583 | D:6      | Reached XP level 8. HP: 9/37 MP: 8/10
  8851 | D:6      | XOM: potion effect (brilliance)
  8857 | D:6      | Killed Grinder
  8867 | D:6      | Found a runed door.
  9074 | D:6      | Noticed Crazy Yiuf
  9079 | D:6      | Killed Crazy Yiuf
  9273 | D:7      | Noticed a hippogriff
  9603 | D:7      | XOM: harmless Summ miscast
  9609 | D:7      | Found Heedips's General Store.
  9945 | D:7      | Bought a potion of curing for 39 gold pieces
  9945 | D:7      | Bought a potion of berserk rage for 65 gold pieces
  9945 | D:7      | Bought a scroll of magic mapping for 45 gold pieces
 10259 | D:7      | XOM: summons friendly iron imp
 10261 | D:7      | XOM: summons friendly shadow imp
 10271 | D:7      | XOM: fake destruction
 10281 | D:7      | Killed a hippogriff
 10362 | D:7      | XOM: harmless Necr miscast
 10504 | D:7      | Identified Xom's Handbook of the Forest (Xom gifted it to you on level 7 of the Dungeon)
 10504 | D:7      | XOM: god gift: Xom's Handbook of the Forest
 10509 | D:7      | Learned a level 2 spell: Call Imp
 10528 | D:7      | Found a sacrificial altar of Ru.
 10734 | D:8      | Found a stormy altar of Qazlal.
 10838 | D:8      | Noticed Psyche
 10869 | D:8      | XOM: 2-stop teleportation journey
 10898 | D:8      | Reached XP level 9. HP: 41/41 MP: 12/12
 10927 | D:8      | Reached skill level 1 in Summonings
 11075 | D:8      | Found a burning altar of Makhleb.
 11075 | D:8      | XOM: 9-stop teleportation journey
 11212 | D:8      | Reached skill level 1 in Spellcasting
 11239 | D:8      | Killed Psyche
 11298 | D:8      | Noticed Gastronok
 11302 | D:8      | XOM: butterfly on damage
 11601 | D:8      | XOM: cast spell 'Olgreb's Toxic Radiance'
 11722 | D:8      | epen: ну и хули ты тут творишь?
 11730 | D:8      | namelastname112: да хуй знает
 11804 | D:8      | XOM: harmless Conj miscast
 11889 | D:8      | XOM: butterfly on damage
 11890 | D:8      | XOM: polymorph butterfly -> killer bee
 11902 | D:8      | epen: лол
 11910 | D:8      | XOM: 1-stop teleportation journey
 11911 | D:8      | epen: чё-т такие себе импы у тебя
 11912 | D:8      | epen: лол
 11929 | D:8      | epen: пчёлы
 11931 | D:8      | XOM: divination: magic mapping
 12064 | D:8      | namelastname112: сука
 12064 | D:8      | namelastname112: палку хочу
 12064 | D:8      | namelastname112: а он там тусуется
 12070 | D:8      | epen: вымани его
 12110 | D:8      | epen: типа
 12113 | D:8      | epen: заори
 12113 | D:8      | epen: tt
 12147 | D:8      | epen: лол
 12357 | D:8      | epen: нормас о по тебе ёбнул
 12395 | D:8      | XOM: cloud trail
 12531 | D:8      | XOM: enchant monster (bad)
 12557 | D:8      | XOM: cast spell 'Cause Fear'
 12778 | D:8      | Learned a level 1 spell: Summon Butterflies
 12816 | D:8      | Gained mutation: You have a somewhat thin skeletal structure. (Dex +2, Stealth) [mutagenic meat]
 12818 | D:8      | Gained mutation: You can translocate small distances at will. [mutagenic meat]
 12819 | D:8      | Gained mutation: You are occasionally teleported next to monsters. [mutagenic meat]
 13016 | D:8      | XOM: potion effect (might)
 13050 | D:8      | XOM: god gift: 4 meat rations
 13259 | D:9      | XOM: god gift: scroll labeled ECASAO ZYASEAQ {god gift}
 13330 | D:9      | Found a shattered altar of Ashenzari.
 13365 | D:9      | XOM: torment (22/42 hp)
 13551 | D:9      | Found a staircase to the Orcish Mines.
 13574 | D:9      | XOM: blink monster(s)
 13595 | D:9      | HP: 3/63 [killer bee (6)]
 13597 | D:9      | epen: умер
 13599 | D:9      | Reached XP level 10. HP: 15/46 MP: 10/14
 13600 | D:9      | XOM: blink monster(s)
 14103 | D:9      | XOM: medium Chrm miscast
 14226 | D:9      | XOM: divination: detect items
 14231 | D:9      | XOM: destruction
 14232 | D:9      | XOM: harmless Erth miscast
 14250 | D:9      | XOM: potion effect (curing)
 14319 | D:9      | XOM: harmless Conj miscast
 14351 | D:9      | XOM: give mutations
 14351 | D:9      | Gained mutation: You are sometimes teleported next to monsters. [Xom's mischief]
 14351 | D:9      | Lost mutation: You can translocate small distances at will. [Xom's mischief]
 14470 | D:9      | Noticed a two-headed ogre
 14471 | D:9      | XOM: summons 2 friendly demons
 14579 | D:9      | XOM: god gift: scroll of teleportation
 14707 | D:9      | XOM: swap monsters
 14711 | D:9      | XOM: butterfly on damage
 14713 | D:9      | XOM: summons 1 hostile demon
 14825 | D:9      | XOM: noise
 14829 | D:9      | Noticed a salamander
 14829 | D:9      | a yak changed into a salamander
 14829 | D:9      | XOM: polymorph yak -> salamander
 14834 | D:9      | XOM: fake destruction
 14837 | D:9      | XOM: summons friendly white imp
 14848 | D:9      | XOM: chaos cloud
 15005 | D:9      | XOM: repel stairs
 15276 | D:9      | XOM: potion effect (experience)
 15276 | D:9      | Reached skill level 10 in Dodging
 15276 | D:9      | Reached skill level 10 in Stealth
 15276 | D:9      | Reached XP level 11. HP: 33/51 MP: 15/18
 15283 | D:9      | XOM: potion effect (heal wounds)
 15297 | D:9      | XOM: confuse monster(s)
 15303 | D:9      | epen: бля
 15311 | D:9      | epen: вот же забавно
 15403 | D:9      | epen: Коты и бараны
 15420 | D:9      | epen: И кот пиздит баранов
 15435 | D:9      | epen: а ещё смотри
 15436 | D:9      | epen: стой
 15440 | D:9      | epen: стой
 15441 | D:9      | XOM: summons friendly ufetubus
 15452 | D:9      | epen: видишь парень?
 15452 | D:9      | XOM: cast spell 'Summon Hydra'
 15464 | D:9      | epen: он нахуй ЧЁРНЫЙ
 15653 | D:8      | namelastname112: пиздец
 15653 | D:8      | namelastname112: саламандеры блять
 15653 | D:8      | namelastname112: вообще охуеть
 15674 | D:9      | XOM: potion effect (invisibility)
 15690 | D:9      | Killed a two-headed ogre
 15782 | D:9      | epen: хэлоу намир
 15896 | D:9      | XOM: god gift: scale mail {god gift}
 15924 | D:9      | epen: диниел хир
 15929 | D:9      | Reached skill level 5 in Spellcasting
 16449 | D:10     | Entered Level 10 of the Dungeon
 16459 | D:10     | Noticed an unseen horror
 16467 | D:10     | Killed an unseen horror
 16502 | D:10     | Found Kazuluymn's Book Boutique.
 16521 | D:10     | namelastname112: уууу
 16521 | D:10     | namelastname112: вот енто да
 16659 | D:10     | Found a sacrificial altar of Ru.
 16691 | D:10     | Found a sacrificial altar of Ru.
 17005 | D:11     | Found Jepecwea's General Store.
 17038 | D:11     | XOM: god gift: lightning rod (4/4)
 17045 | D:11     | Noticed a green ugly thing
 17056 | D:11     | XOM: confuse monster(s)
 17067 | D:11     | Killed a green ugly thing
 17140 | D:11     | XOM: god gift: 57 gold pieces
 17185 | D:11     | Found a staircase to the Lair.
 17186 | D:11     | Noticed a death yak
 17186 | D:11     | Noticed a death yak
 17186 | D:11     | Noticed a death yak
 17193 | D:11     | Noticed a brown ugly thing
 17257 | D:11     | Gained mutation: Your thick and shaggy fur keeps you warm. (AC +3, rC+) [Felid growth]
 17257 | D:11     | Reached XP level 12. HP: 12/56 MP: 21/21
 17275 | D:11     | XOM: 5-stop teleportation journey
 17330 | D:11     | HP: 2/56 [orc warrior/short sword (21)]
 17335 | D:11     | XOM: cast spell 'Summon Horrible Things'
 17468 | D:10     | XOM: god gift: 790 gold pieces
 17633 | D:10     | namelastname112: лол
 17633 | D:10     | namelastname112: ксом денег подарил
 17674 | D:10     | Bought a book of Transfigurations for 605 gold pieces
 17682 | D:10     | Learned a level 7 spell: Dragon Form
 17746 | D:11     | XOM: cast spell 'Leda's Liquefaction'
 17747 | D:11     | Noticed a four-headed hydra
 17763 | D:11     | XOM: swap monsters
 17778 | D:11     | XOM: enchant monster (good)
 17780 | D:11     | XOM: divination: detect creatures
 17791 | D:11     | XOM: scenery: create altars
 17799 | D:11     | XOM: potion effect (might)
 17905 | D:11     | Reached skill level 1 in Transmutations
 17945 | D:11     | XOM: divination: magic mapping
 17950 | D:11     | Noticed an ettin
 17950 | D:11     | a four-headed hydra changed into an ettin
 17950 | D:11     | XOM: polymorph four-headed hydra -> ettin
 18013 | D:11     | XOM: summons 6 hostile demons
 18027 | D:11     | epen: купи себе шарфик
 18183 | D:11     | namelastname112: котам нельзя
 18246 | D:11     | XOM: summons 2 friendly demons
 18267 | D:11     | XOM: summons friendly shadow imp
 18284 | D:11     | Reached skill level 2 in Transmutations
 18290 | D:11     | epen: https://www.youtube.com/watch?v=NevuklASQIE
 18294 | D:11     | XOM: cast spell 'Ring of Flames'
 18356 | D:11     | Gained mutation: You are somewhat resistant to further mutation. [mutagenic meat]
 18358 | D:11     | Gained mutation: You do not regenerate when monsters are visible. [mutagenic meat]
 18400 | D:11     | Reached skill level 3 in Transmutations
 18508 | D:11     | XOM: confuse monster(s)
 18673 | D:11     | XOM: blink monster(s)
 18677 | D:11     | XOM: scenery: create altars
 18686 | D:11     | XOM: enchant monster (good)
 18690 | D:11     | XOM: scenery: create altars
 18694 | D:11     | Reached skill level 4 in Transmutations
 18871 | D:10     | Noticed a five-headed hydra
 19228 | D:11     | XOM: summons 5 friendly demons
 19486 | D:11     | XOM: fog
 19528 | D:11     | XOM: divination: detect items
 19563 | D:11     | XOM: butterfly on damage
 19805 | D:12     | XOM: noise
 19812 | D:12     | XOM: give mutations
 19812 | D:12     | Lost mutation: Your muscles are strong. (Str +2) [Xom's mischief]
 19812 | D:12     | Gained mutation: Potions are less effective at restoring your health. [Xom's mischief]
 19831 | D:12     | XOM: summons 1 hostile shadow creature
 20047 | D:11     | XOM: mild Necr miscast
 20212 | D:12     | Found Vaikeasu's Food Boutique.
 20212 | D:12     | XOM: 1-stop teleportation journey
 20253 | D:12     | Reached skill level 5 in Transmutations
 20344 | D:12     | Noticed a two-headed ogre
 20346 | D:12     | XOM: enchant monster (good)
 20348 | D:12     | Found Biegixebas's General Store.
 20348 | D:12     | XOM: potion effect (might)
 20350 | D:12     | XOM: scenery: create altars
 20356 | D:12     | Killed a two-headed ogre
 20555 | D:12     | Reached skill level 6 in Transmutations
 20799 | D:12     | Noticed a two-headed ogre
 20804 | D:12     | XOM: summons 11 friendly demons
 20809 | D:12     | Killed a two-headed ogre
 20924 | D:12     | XOM: harmless Hex miscast
 20960 | D:12     | XOM: fog
 20979 | D:12     | Found Liwifoos's Weapon Emporium.
 21072 | D:12     | XOM: summons 6 hostile demons
 21503 | D:13     | Reached skill level 7 in Transmutations
 21519 | D:13     | XOM: summons 4 hostile demons
 21890 | D:13     | Found an ancient bone altar of Kikubaaqudgha.
 22002 | D:13     | Reached skill level 8 in Transmutations
 22013 | D:13     | XOM: harmless Necr miscast
 22157 | D:13     | XOM: confusion (+ monsters)
 22431 | D:13     | XOM: blink monster(s)
 22443 | D:13     | XOM: noise
 22500 | D:13     | Noticed a centaur warrior
 22503 | D:13     | Shot with an arrow by a centaur warrior
 22504 | D:13     | Reached XP level 11. HP: -8/52 MP: 23/23
 22569 | D:13     | XOM: harmless Tloc miscast
 22593 | D:13     | Noticed a vault guard
 22595 | D:13     | Noticed a vault guard
 22596 | D:13     | Noticed a wizard
 22596 | D:13     | Noticed a necromancer
 22622 | D:13     | XOM: swap monsters
 22733 | D:13     | XOM: polymorph tengu conjurer -> yaktaur
 22776 | D:13     | XOM: god gift: glaive {god gift}
 22829 | D:12     | XOM: harmless Chrm miscast
 22956 | Lair:1   | Entered Level 1 of the Lair of Beasts
 22984 | Lair:1   | Noticed Sonja
 22989 | Lair:1   | Killed Sonja
 23021 | Lair:1   | XOM: god gift: ring of wizardry {god gift}
 23159 | Lair:1   | XOM: cast spell 'Shadow Creatures'
 23160 | Lair:1   | XOM: enchant monster (good)
 23175 | Lair:1   | XOM: cast spell 'Leda's Liquefaction'
 23181 | Lair:1   | XOM: divination: detect creatures
 23186 | Lair:1   | Reached skill level 9 in Transmutations
 23194 | Lair:1   | XOM: cast spell 'Summon Small Mammal'
 23227 | Lair:1   | epen: юдя
 23235 | Lair:1   | epen: бля
 23259 | Lair:1   | XOM: cast spell 'Summon Butterflies'
 23267 | Lair:1   | epen: ты чё не выбрался сразу из той хуйни
 23282 | Lair:1   | epen: что замедляла тебя
 23286 | Lair:1   | namelastname112: лолита
 23286 | Lair:1   | namelastname112: ??leda
 23286 | Lair:1   | beem: leda's liquefaction[1/2]: Level 4 earth/hexes spell, found in the book of the Earth. Generates a halo of "liquefied" ground around the caster. Moving on liquefied ground has a -3 player movement malus. Applies slow movement effect to monsters. Doesn't affect flying, clinging, insubstantials; cannot be cast by these.
 23415 | Lair:1   | XOM: divination: detect items
 23532 | Lair:1   | epen: ммм
 23569 | Lair:1   | epen: что-то новое
 23609 | Lair:1   | Noticed a six-headed hydra
 23614 | Lair:1   | Killed a six-headed hydra
 23614 | Lair:1   | Reached XP level 12. HP: 56/56 MP: 24/24
 23664 | Lair:1   | XOM: harmless Tmut miscast
 23666 | Lair:1   | XOM: harmless Chrm miscast
 23730 | Lair:1   | epen: ??octopod reason
 23733 | Lair:1   | beem: octopod reason ~ octopode reasons[1/5]: You like being killed by bats.
 23806 | Lair:1   | XOM: divination: detect items
 23821 | Lair:1   | epen: ??felid reason
 23824 | Lair:1   | beem: felid reason ~ felid reasons[1/1]: Extra life! You're a member of team cat. You have trouble deciding on a weapon type. You like it when most items are irrelevant to you.
 23851 | Lair:1   | XOM: cast spell 'Summon Butterflies'
 24017 | Lair:1   | epen: лол
 24100 | Lair:2   | XOM: divination: magic mapping
 24374 | Lair:2   | XOM: divination: detect items
 24485 | Lair:2   | Noticed a seven-headed hydra
 24492 | Lair:2   | Killed a seven-headed hydra
 24492 | Lair:2   | Reached skill level 10 in Transmutations
 24569 | Lair:2   | XOM: divination: detect creatures
 24620 | Lair:2   | epen: Вот знаешь
 25030 | Lair:2   | epen: Если бы мне дали возможность стать каким-то мобов из кравла
 25112 | Lair:2   | epen: НЕ БОССОМ
 25195 | Lair:2   | XOM: harmless Necr miscast
 25235 | Lair:2   | epen: то я бы стал снейком
 25253 | Lair:2   | epen: на д2
 25354 | Lair:3   | namelastname112: а я бы гноллом
 25354 | Lair:3   | namelastname112: на д1
 25454 | Lair:3   | Identified 3 scrolls of acquirement
 25461 | Lair:3   | epen: о
 25461 | Lair:3   | namelastname112: ,kz
 25461 | Lair:3   | namelastname112: бля
 25461 | Lair:3   | namelastname112: че просить-то
 25461 | Lair:3   | epen: давай бижутерию
 25461 | Lair:3   | namelastname112: говна насует
 25461 | Lair:3   | epen: хмммм
 25461 | Lair:3   | epen: а шапки есть?
 25461 | Lair:3   | namelastname112: лол
 25461 | Lair:3   | namelastname112: нет
 25461 | Lair:3   | namelastname112: я же кот
 25461 | Lair:3   | namelastname112: только кольца и амуль
 25461 | Lair:3   | epen: точно
 25464 | Lair:3   | epen: хммммм
 25491 | Lair:3   | epen: ну палки
 25499 | Lair:3   | epen: теле
 25500 | Lair:3   | epen: хаст
 25507 | Lair:3   | namelastname112: а их вроде нет больше
 25507 | Lair:3   | namelastname112: ??wand of tele
 25507 | Lair:3   | epen: что?
 25507 | Lair:3   | beem: I don't have a page labeled wand_of_tele in my learndb.
 25507 | Lair:3   | namelastname112: ??wands
 25507 | Lair:3   | beem: wands[1/4]: Yay for wands. Wands use {evocations}. Higher evocation skill allows you to identify remaining charges and increases wand power. Can be recharged with scrolls of recharging.
 25507 | Lair:3   | namelastname112: ??wands [2
 25507 | Lair:3   | beem: wands[2/4]: Wand list: acid, confusion, digging, disintegration, enslavement, flame, hasting, heal wounds, iceblast, lightning, paralysis, polymorph, random effects, slowing, teleportation (15 total).
 25507 | Lair:3   | namelastname112: ??wands [3
 25507 | Lair:3   | beem: wands[3/4]: In trunk (0.18), wands of fireball, draining, frost, fire, cold, invisibility and magic dart are gone. Wands of acid and iceblast are picking up the slack.
 25507 | Lair:3   | namelastname112: ??wands [4
 25507 | Lair:3   | beem: wands[4/4]: Wands always id on pickup, or when monsters zap them. Charges identify on zap with a Evocations skill/27 chance.
 25507 | Lair:3   | epen: ну есть
 25507 | Lair:3   | namelastname112: хуй знает
 25507 | Lair:3   | namelastname112: я не видел
 25523 | Lair:3   | epen: хммм
 25533 | Lair:3   | epen: если их нет
 25536 | Lair:3   | epen: то это грусно
 25586 | Lair:3   | XOM: 5-stop teleportation journey
 25596 | Lair:3   | XOM: 1-stop teleportation journey
 25717 | Lair:3   | XOM: swap monsters
 25719 | Lair:3   | epen: лол
 25719 | Lair:3   | epen: ксом шалит
 25730 | Lair:3   | XOM: fog
 25884 | Lair:3   | XOM: cloud trail
 26001 | Lair:3   | epen: ого
 26143 | Lair:3   | epen: свиток торнамента
 26144 | Lair:3   | XOM: enchant monster (good)
 26279 | Lair:3   | epen: жаль
 26544 | Lair:4   | namelastname112: блять
 26544 | Lair:4   | namelastname112: чиллинг моан
 26544 | Lair:4   | namelastname112: тут эта сука чтоль
 26544 | Lair:4   | namelastname112: жозефина
 26559 | Lair:4   | Gained mutation: You tend to lose your temper in combat. [miscasting Dragon Form]
 26861 | Lair:4   | namelastname112: а не
 26861 | Lair:4   | namelastname112: виспы
 26961 | Lair:4   | epen: Бля
 26961 | Lair:4   | XOM: divination: detect items
 26976 | Lair:4   | Reached skill level 11 in Transmutations
 26980 | Lair:4   | epen: Критик выглядит так
 27037 | Lair:4   | epen: будто у него рак
 27189 | Lair:4   | Found a hole to the Spider Nest.
 27550 | Lair:4   | Noticed a death yak
 27551 | Lair:4   | Noticed a death yak
 27585 | Lair:4   | Noticed a five-headed hydra
 27672 | Lair:4   | Noticed a death yak
 27673 | Lair:4   | Noticed a death yak
 27679 | Lair:4   | Killed a death yak
 27679 | Lair:4   | XOM: mild Conj miscast
 27684 | Lair:4   | XOM: swap monsters
 27738 | Lair:4   | XOM: god gift: glowing plate armour {god gift}
 27747 | Lair:4   | Killed a death yak
 27756 | Lair:4   | Killed a death yak
 27756 | Lair:4   | Reached XP level 13. HP: 49/59 MP: 16/27
 27758 | Lair:4   | XOM: silly message
 27762 | Lair:4   | Reached skill level 12 in Transmutations
 27992 | Lair:4   | XOM: mild Summ miscast
 28006 | Lair:4   | Found a staircase to the Swamp.
 28018 | Lair:4   | XOM: enchant monster (bad)
 28526 | Lair:4   | XOM: cloud trail
 28703 | Lair:4   | XOM: god gift: weird jewelled staff {god gift}
 28814 | Lair:4   | XOM: scenery: create altars
 28822 | Lair:4   | XOM: harmless Necr miscast
 28824 | Lair:4   | XOM: mild Ice miscast
 29172 | Lair:5   | Noticed Kirke
 29172 | Lair:5   | XOM: potion effect (agility)
 29180 | Lair:5   | Killed Kirke
 29193 | Lair:5   | Found a staircase to the Slime Pits.
 29428 | Lair:5   | XOM: cast spell 'Summon Butterflies'
 29681 | Lair:5   | Reached skill level 13 in Transmutations
 29859 | Lair:5   | XOM: polymorph black mamba -> yaktaur
 29895 | Lair:5   | Lost mutation: You are sometimes teleported next to monsters. [mutagenic meat]
 30182 | Lair:6   | Entered Level 6 of the Lair of Beasts
 30220 | Lair:6   | XOM: summons 6 hostile demons
 30229 | Lair:6   | Reached skill level 10 in Spellcasting
 30247 | Lair:6   | XOM: harmless Tloc miscast
 30327 | Lair:6   | XOM: give mutations
 30327 | Lair:6   | Lost mutation: You have a somewhat thin skeletal structure. (Dex +2, Stealth) [Xom's mischief]
 30327 | Lair:6   | Lost mutation: You expend magic power (3 MP) to strengthen your wands. [Xom's mischief]
 30416 | Lair:6   | XOM: harmless Summ miscast
 30431 | Lair:6   | XOM: enchant monster (bad)
 30663 | Lair:6   | Reached skill level 14 in Transmutations
 30672 | Lair:6   | XOM: give mutations
 30672 | Lair:6   | Gained mutation: Your flesh is cold resistant. (rC+) [Xom's mischief]
 30672 | Lair:6   | Gained mutation: You are partially covered in large bone plates. (SH +4) [Xom's mischief]
 30777 | Lair:6   | XOM: noise
 30780 | Lair:6   | HP: 1/88 [black mamba (12)]
 30780 | Lair:6   | Slain by a giant cockroach
 30781 | Lair:6   | Reached XP level 12. HP: 0/84 MP: 15/27
 30783 | Lair:6   | XOM: mild Hex miscast
 30899 | Lair:6   | Noticed a five-headed hydra
 30906 | Lair:6   | XOM: smoke on damage
 30907 | Lair:6   | Killed a nine-headed hydra
 30907 | Lair:6   | Reached XP level 13. HP: 46/59 MP: 21/28
 31169 | Lair:6   | XOM: polymorph hippogriff -> elephant
 31225 | Lair:6   | XOM: summons 13 friendly demons
 31352 | Lair:6   | XOM: smoke on damage
 31480 | Lair:6   | XOM: 2-stop teleportation journey
 31507 | Lair:6   | XOM: scenery: create altars
 31516 | Lair:6   | Reached skill level 15 in Transmutations
 32049 | Lair:6   | XOM: cloud trail
 32157 | Lair:6   | Noticed a dire elephant
 32373 | Lair:6   | XOM: divination: detect items
 32415 | Lair:6   | XOM: noise
 32472 | Lair:6   | XOM: summons friendly iron imp
 32477 | Lair:6   | XOM: divine lightning
 32478 | Lair:6   | XOM: destruction
 32489 | Lair:6   | XOM: summons 3 friendly demons
 32504 | Lair:6   | Killed a dire elephant
 32538 | Lair:6   | Got a pair of heavily runed gloves
 32539 | Lair:6   | Identified the +1 pair of gloves "Ecur" {Stlth+} (You found it on level 6 of the Lair of Beasts)
 32779 | Lair:1   | XOM: god gift: 30 gold pieces
 32858 | Orc:1    | Entered Level 1 of the Orcish Mines
 32861 | Orc:1    | XOM: smoke on damage
 32866 | Orc:1    | Noticed a stone giant
 32948 | D:9      | XOM: god gift: jasper-encrusted leather armour {god gift}
 33113 | D:9      | Killed a stone giant
 33372 | D:9      | XOM: harmless Conj miscast
 33435 | Orc:1    | XOM: 1-stop teleportation journey
 33513 | Orc:1    | Found a roughly hewn altar of Beogh.
 33576 | Orc:1    | XOM: harmless Tloc miscast
 33700 | Orc:1    | Noticed Josephine
 33707 | Orc:1    | XOM: summons 1 hostile demon
 33710 | Orc:1    | Reached XP level 14. HP: 64/64 MP: 23/30
 33712 | Orc:1    | XOM: harmless Erth miscast
 33715 | Orc:1    | Killed Josephine
 33989 | Orc:2    | Entered Level 2 of the Orcish Mines
 33989 | Orc:2    | Found Uphuemuu's Distillery.
 33996 | Orc:2    | Bought a potion of heal wounds for 85 gold pieces
 33996 | Orc:2    | Bought a potion of heal wounds for 85 gold pieces
 33996 | Orc:2    | Bought 2 potions of heal wounds for 170 gold pieces
 33996 | Orc:2    | Bought a potion of heal wounds for 85 gold pieces
 33996 | Orc:2    | Bought a potion of heal wounds for 85 gold pieces
 33996 | Orc:2    | Bought a potion of mutation for 136 gold pieces
 33996 | Orc:2    | Lost mutation: Your flesh is cold resistant. (rC+) [potion of mutation]
 33996 | Orc:2    | Lost mutation: You do not regenerate when monsters are visible. [potion of mutation]
 33996 | Orc:2    | Lost mutation: You are partially covered in large bone plates. (SH +4) [potion of mutation]
 34055 | Orc:2    | Noticed Megalobster's ghost (adept DECj)
 34068 | Orc:2    | XOM: summons 2 friendly demons
 34260 | Orc:2    | XOM: noise
 34269 | Orc:2    | XOM: enchant monster (good)
 34277 | Orc:2    | HP: 3/96 [orc warrior/mace of venom (11)]
 34288 | Orc:2    | Killed Megalobster's ghost
 34294 | Orc:2    | XOM: cast spell 'Olgreb's Toxic Radiance'
 34300 | Orc:2    | XOM: summons friendly white imp
 34667 | Orc:2    | XOM: cast spell 'Olgreb's Toxic Radiance'
 34682 | Orc:2    | XOM: scenery: create altars
 35056 | Orc:2    | XOM: summons 3 friendly demons
 35059 | Orc:2    | XOM: mild Ice miscast
 35060 | Orc:2    | XOM: cast spell 'Summon Horrible Things'
 35085 | Orc:2    | XOM: cleaving
 35092 | Orc:2    | Found a staircase to the Elven Halls.
 35092 | Orc:2    | Noticed Erolcha
 35096 | Orc:2    | Killed Erolcha
 35109 | Orc:2    | XOM: enchant monster (good)
 35294 | Orc:2    | Found Dintuj's Assorted Antiques.
 35294 | Orc:2    | Found Agawuedgh's Assorted Antiques.
 35294 | Orc:2    | Found Akaenuk's Armour Shoppe.
 35294 | Orc:2    | Found Rizubeju's Gadget Boutique.
 35343 | Orc:2    | Bought a scroll of blinking for 240 gold pieces
 35987 | D:9      | XOM: 3-stop teleportation journey
 36327 | Lair:1   | Learned a level 6 spell: Statue Form
 36346 | D:11     | XOM: scenery: 1 doors close
 36547 | D:11     | XOM: scenery: 2 doors close
 36556 | D:11     | Reached skill level 1 in Earth Magic
 36593 | D:13     | XOM: fog
 36597 | D:13     | XOM: god gift: faintly humming scale mail {god gift}
 36678 | D:13     | XOM: summons friendly chaos spawn
 36679 | D:13     | Reached skill level 10 in Fighting
 36731 | D:13     | XOM: confuse monster(s)
 36853 | D:13     | XOM: divination: magic mapping
 36919 | D:13     | XOM: enchant monster (good)
 36961 | D:13     | Found a gate to the Vaults.
 36988 | D:13     | XOM: harmless Hex miscast
 37058 | D:14     | Reached XP level 15. HP: 47/69 MP: 26/31
 37271 | D:14     | Noticed Agnes
 37280 | D:14     | Killed Agnes
 37588 | D:14     | XOM: summons 2 friendly demons
 37690 | D:14     | Found Biugiezaut's Assorted Antiques.
 37818 | D:14     | XOM: noise
 37821 | D:14     | Hit by a large rock thrown by a cyclops
 37822 | D:14     | Reached XP level 14. HP: -10/99 MP: 25/30
 37935 | D:14     | XOM: potion effect (brilliance)
 37995 | D:14     | XOM: harmless Ice miscast
 38127 | D:14     | XOM: polymorph cyclops -> glowing orange brain
 38293 | D:15     | Entered Level 15 of the Dungeon
 38293 | D:15     | Noticed Roxanne
 38302 | D:15     | Killed from afar by Roxanne

Skill      XL: |  1  2  3  4  5  6  7  8  9 10 11 12 13 14 15 |
---------------+----------------------------------------------+-----
Stealth        | 1 2 3 4 5 7 8 10 11 12 | 12.9
Dodging        | 4 5 6 7 8 10 11 12 | 12.8
Unarmed Combat | 4 5 6 8 9 11 12 13 | 13.0
Fighting       | 4 5 6 8 9 10 | 10.2
Evocations     | 2 3 |  3.1
Summonings     | 2 3 |  3.2
Spellcasting   | 2 4 5 9 11 | 11.7
Transmutations | 9 11 15 | 15.9
Earth Magic    | 1 2 |  2.6

Action                   |  1- 3 |  4- 6 |  7- 9 | 10-12 | 13-15 || total
-------------------------+-------+-------+-------+-------+-------++-------
Melee: Unarmed           |   109 |   169 |   324 |   961 |   667 ||  2230
       Bite              |     6 |    18 |    26 |   107 |    69 ||   226
       Punch             |     1 |     1 |    10 |    55 |    34 ||   101
       Tailslap          |       |       |       |    16 |    84 ||   100
 Cast: Call Imp          |       |       |     5 |    53 |       ||    58
       Summon Butterflie |       |       |       |     6 |       ||     6
       Dragon Form       |       |       |       |     8 |    60 ||    68
 Abil: Breathe Fire      |       |       |       |       |     1 ||     1
Evoke: Wand              |       |       |    19 |     8 |       ||    27
       Lightning rod     |       |       |       |     4 |     2 ||     6
  Use: Potion            |     1 |     3 |     9 |     2 |    11 ||    26
       Scroll            |     1 |       |    20 |    13 |     6 ||    40
 Stab: Sleeping          |     2 |     5 |    21 |    44 |    19 ||    91
       Distracted        |       |     3 |     2 |    16 |     5 ||    26
       Confused          |       |     1 |     1 |     2 |     1 ||     5
       Invisible         |       |     1 |       |     4 |       ||     5
       Petrified         |       |       |       |       |     5 ||     5
       Paralysed         |       |       |       |       |     2 ||     2
  Eat: Chunk             |    10 |     7 |    25 |    56 |    73 ||   171
       Royal jelly       |       |       |     1 |       |       ||     1
Armor: Skin              |     6 |     3 |    28 |    90 |   311 ||   438
Dodge: Dodged            |    66 |    89 |   264 |   815 |   454 ||  1688
Block: Other             |     8 |    21 |       |    12 |   168 ||   209
       Reflection        |       |       |       |       |     2 ||     2
